 Dungeon Crawl Stone Soup version 0.27-a0-1590-g15f69828bf (webtiles) character file.

Game seed: 15959777962694778396

18 bande the Skirmisher (level 2, -5/20 HPs)
             Began as a Gargoyle Fighter on July 18, 2021.
             Slain by an iguana (7 damage)
             ... on level 2 of the Dungeon.
             The game lasted 00:00:57 (1480 turns).

bande the Skirmisher (Gargoyle Fighter)             Turns: 1480, Time: 00:00:57

Health: -5/20      AC:  9    Str: 19    XL:     2   Next: 70%
Magic:  2/2        EV:  7    Int:  8    God:
Gold:   73         SH:  9    Dex:  9    Spells: 1/1 levels left

rFire    . . .     SeeInvis .   a - +0 war axe
rCold    . . .     Faith    .   c - +0 kite shield
rNeg     + . .     Spirit   .   b - +0 scale mail
rPois    ∞         Reflect  .   (no helmet)
rElec    +         Harm     .   (no cloak)
rCorr    .         Rampage  .   (no gloves)
Will     .....                  (no boots)
Stlth    ..........             (no amulet)
HPRegen  0.06/turn              (no ring)
MPRegen  0.08/turn              (no ring)

@: no status effects
A: sickness immunity, AC +2, negative energy resistance 1, electricity
resistance, torment resistance 1, petrification resistance
a: no special abilities


You were on level 2 of the Dungeon.
You visited 1 branch of the dungeon, and saw 2 of its levels.

You collected 73 gold pieces.

Inventory:

Hand Weapons
 a - a +0 war axe (weapon)
Armour
 b - a +0 scale mail (worn)
 c - a +0 kite shield (worn)
Potions
 d - a potion of might


   Skills:
 + Level 3.6 Fighting
 + Level 2.1 Axes
 + Level 3.4 Armour
 + Level 0.1 Dodging
 + Level 3.5 Shields


You had one spell level left.
You didn't know any spells.
Your spell library was empty.

Dungeon Overview and Level Annotations

Branches:
Dungeon (2/15)

Altars:


Innate Abilities, Weirdness & Mutations

You are immune to sickness and miasma.
Your stone body is resilient. (AC +2)
You are immune to poison.
You resist negative energy. (rN+)
You are resistant to electric shocks. (rElec)
You are resistant to unholy torment.
You are immune to petrification.


Message History

Found a stone staircase leading up.
An iguana comes into view.
An iguana is nearby!
The iguana barely misses you.
You barely miss the iguana. You block the iguana's attack.
The iguana bites you.
You hit the iguana.
The iguana is lightly wounded.
You block the iguana's attack.
You barely miss the iguana.
The iguana is lightly wounded.
The iguana barely misses you. x2
You barely miss the iguana.
The iguana is lightly wounded.
You block the iguana's attack.
You hit the iguana.
The iguana is moderately wounded.
The iguana bites you. The iguana bites you!
Ouch! That really hurt!
* * * LOW HITPOINT WARNING * * *
You are too injured to fight recklessly!
You are too injured to fight recklessly!
You are too injured to fight recklessly!
You are too injured to fight recklessly!
You are too injured to fight recklessly!
You are too injured to fight recklessly!
You are too injured to fight recklessly!
It was a potion of curing.
You feel better.
The iguana hisses menacingly.
You block the iguana's attack.
You hit the iguana.
The iguana is heavily wounded.
The iguana bites you!
Ouch! That really hurt!
* * * LOW HITPOINT WARNING * * *
You block the iguana's attack.
You hit the iguana but do no damage.
The iguana is heavily wounded.
The iguana bites you!
You die...

.#......##.#.#
#######.#
....#.#.##.#.#
#.......#
#.......##.#.#
#.#######
#.÷##.####.#.#
#.#
...........
#.#
#.......###
#.#
#..........
#.#
........###
#.# ###.....#
#@# ##.####
#l# ## #.# #.#
#.# #.# ###


You could see an iguana.

Vanquished Creatures
  A worm (D:2)
  2 endoplasms (D:1)
  A giant cockroach (D:1)
  2 goblins (D:1)
  A hobgoblin (D:1)
  A jackal (D:1)
  A quokka (D:2)
  A ball python (D:1)
  A frilled lizard (D:1)
  5 rats (D:1)
16 creatures vanquished.

Notes
Turn   | Place    | Note
-------+----------+-------------------------------------------
     0 | D:1      | bande the Gargoyle Fighter began the quest for the Orb.
     0 | D:1      | Reached XP level 1. HP: 14/14 MP: 1/1
   271 | D:1      | Reached XP level 2. HP: 5/19 MP: 2/2
  1480 | D:2      | Slain by an iguana

Illustrated notes

Levels and vault maps discovered:
D:1:      grunt_arrival_crossed_arrows, layout_basic,
          chequers_serial_rivers_micro_b, minmay_close_crescents
D:2:      kennysheep_big_flooded_room, layout_loops_ring

Skill      XL: |  1  2 |
---------------+-------+-----
Axes           | 2 |  2.1
Fighting       | |  3.6
Armour         | |  3.4
Dodging        | |  0.1
Shields        | |  3.5

Action                   || total
-------------------------++-------
Melee: War axe           ||    53
  Use: Scroll            ||     2
       Potion            ||     1
Armor: Scale mail        ||    22
Dodge: Dodged            ||    17
Block: Kite shield       ||    31

Table legend: (Time is in decaauts)
 A = Elapsed time spent in this place.
 B = Non-inter-level travel time spent in this place.
 C = Inter-level travel time spent in this place.
 D = Time resting spent in this place.
 E = Time spent auto-exploring this place.
 F = Levels seen in this place.
 G = Mean time per level.
                   A        B        C        D        E       F      G
               +--------+--------+--------+--------+--------+-----+--------+
         Total |   1512 |   1512 |      0 |    218 |   1133 |   2 |  756.0 |
       Dungeon |   1512 |   1512 |      0 |    218 |   1133 |   2 |  756.0 |
               +--------+--------+--------+--------+--------+-----+--------+

Top non-repeatable levels by time:
     D:1: 1215 daAuts
     D:2: 297 daAuts
